 Dungeon Crawl Stone Soup version 0.29.1-12-g30fa7ad0bf (webtiles) character file.

Game seed: 2856748161150428160

4 FaviusArthum the Grave Robber (level 1, 10/10 HPs)
             Began as a Deep Elf Necromancer on Jan 10, 2023.
             Quit the game on level 1 of the Dungeon.
             The game lasted 00:00:50 (144 turns).

FaviusArthum the Grave Robber (Deep Elf Necromancer) Turns: 144, Time: 00:00:50

Health: 10/10      AC:  2    Str:  5    XL:     1   Next: 50%
Magic:  6/6        EV: 12    Int: 19    God:
Gold:   0          SH:  0    Dex: 15    Spells: 5/6 levels left

rFire   . . .      SeeInvis .   (no weapon)
rCold   . . .      Faith    .   (no shield)
rNeg    . . .      Spirit   .   a - +0 robe
rPois   .          Reflect  .   (no helmet)
rElec   .          Harm     .   (no cloak)
rCorr   .          Rampage  .   (no gloves)
Will    .....                   (no boots)
Stlth   ++........              (no amulet)
HPRegen 0.03/turn               (no ring)
MPRegen 0.10/turn               (no ring)

@: no status effects
A: no striking features
a: no special abilities


You were on level 1 of the Dungeon.
You visited 1 branch of the dungeon, and saw 1 of its levels.

Inventory:

Armour
 a - a +0 robe (worn)


   Skills:
 + Level 2.4 Dodging
 + Level 2.4 Stealth
 + Level 3.0 Spellcasting
 + Level 5.0 Necromancy


You had 5 spell levels left.
You knew the following spells:

 Your Spells              Type           Power      Damage    Failure   Level
a - Necrotise             Necr           88%        1d8       1%          1

Your spell library contained the following spells:

 Spells                   Type           Power      Damage    Failure   Level
 Vampiric Draining        Necr           22%        2d7       5%          3
 Animate Dead             Necr           22%        N/A       19%         4
 Agony                    Necr           22%        N/A       45%         5


Dungeon Overview and Level Annotations

Branches:
Dungeon (1/15)

Altars:


Message History

You kill the endoplasm!
Casting: Necrotise (safe; 1% risk of failure)
Confirm with . or Enter, or press ? or * to list all spells.
You can't see any susceptible monsters within range! (Use Z to cast anyway.)
You open the door.
A kobold comes into view. It is wielding a +0 whip.
There is an open door here.
Casting: Necrotise (safe; 1% risk of failure)
Confirm with . or Enter, or press ? or * to list all spells.
Aiming: Necrotise (safe; 1% risk of failure)
Press: ? - help, Shift-Dir - straight line, f - kobold
Aim: a kobold, wielding a +0 whip (asleep, chance to affect: 90%)
The kobold shouts!
The kobold writhes in agony!
You kill the kobold!
The dead are walking!
Your Necromancy skill increases to level 5!
A hobgoblin comes into view.
A bat comes into view.
The hobgoblin hits your kobold skeleton.
A jackal comes into view.
Your kobold skeleton hits the hobgoblin but does no damage.
The hobgoblin hits your kobold skeleton.
The bat closely misses you.
Your kobold skeleton hits the hobgoblin.
The hobgoblin barely misses your kobold skeleton.
Casting: Necrotise (safe; 1% risk of failure)
Confirm with . or Enter, or press ? or * to list all spells.
Aiming: Necrotise (safe; 1% risk of failure)
Press: ? - help, Shift-Dir - straight line, f - bat
Aim: a bat (chance to affect: 91%)
The bat writhes in agony.
You kill the bat!
The dead are flying!
The hobgoblin hits your kobold skeleton.
Your kobold skeleton is destroyed!
You see here a +0 whip.
Magic courses through your body.
Your bat skeleton closely misses the hobgoblin. x2
Are you sure you want to abandon this character and quit the game? (Confirm with "yes".)

. #......#......#.#
.##......#......#.#
........'......#.#
.##......#......#.#
.........+......#.#
.......###......#.#
####............#+######
.....###..............
####...........@.......
#.....##...Zg.......
...#. #....#+######
..... ##.##. ..## #.# h.
... ... # #.. ... ...#
.. ... .#


You could see a hobgoblin (ally target) and a friendly bat skeleton.

Vanquished Creatures
  An endoplasm (D:1)
  A kobold (D:1)
  A bat (D:1)
  A frilled lizard (D:1)
4 creatures vanquished.

Notes
Turn   | Place    | Note
-------+----------+-------------------------------------------
     0 | D:1      | FaviusArthum the Deep Elf Necromancer began the quest for
                  | the Orb.
     0 | D:1      | Reached XP level 1. HP: 10/10 MP: 6/6
   137 | D:1      | Reached skill level 5 in Necromancy
   144 | D:1      | Quit the game

Illustrated notes

Levels and vault maps discovered:
D:1:      psy_arrival_radial01, layout_basic

Skill      XL: |  1 |
---------------+----+-----
Necromancy     | 5 |  5.0
Dodging        | |  2.4
Stealth        | |  2.4
Spellcasting   | |  3.0

Action                   || total
-------------------------++-------
 Cast: Necrotise         ||     6
  Use: Potion            ||     1
Dodge: Dodged            ||     2
